 Dungeon Crawl Stone Soup version 0.20.0-10-g0535bb4 (webtiles) character file.

567 Remaster19 the Magician (level 7, -1/36 HPs)
             Began as a Gargoyle Fire Elementalist on June 4, 2017.
             Shot with an arrow by a centaur (15 damage)
             ... on level 5 of the Dungeon.
             The game lasted 00:17:04 (3992 turns).

Remaster19 the Magician (GrFE)                      Turns: 3992, Time: 00:17:05

Health: -1/36      AC:  9    Str: 11    XL:     7   Next: 33%
Magic:  15/15      EV: 12    Int: 18    God:
Gold:   174        SH:  0    Dex: 10    Spells: 11/17 levels left

rFire    . . .     SeeInvis .   w - +0 spear
rCold    . . .     Gourm    .   (no shield)
rNeg     + . .     Faith    .   a - +0 robe
rPois    ∞         Spirit   .   f - +2 helmet
rElec    +         Reflect  .   (no cloak)
rCorr    .         Harm     .   (no gloves)
MR       .....                  (no boots)
Stlth    ++........             (no amulet)
Regen    0.2/turn               (no ring)
MPRegen  0.2/turn               (no ring)

@: no status effects
A: negative energy resistance 1, electricity resistance, unbreathing,
petrification resistance, rot immunity, AC +4
a: no special abilities


You were on level 5 of the Dungeon.
You were not hungry.

You visited 1 branch of the dungeon, and saw 5 of its levels.

You collected 174 gold pieces.

Inventory:

Hand Weapons
 g - a +3 dagger
 w - a +0 spear (weapon)
Armour
 a - a +0 robe (worn)
 f - a +2 helmet (worn)
Jewellery
 i - an uncursed ring of flight {unknown}
 j - a +3 ring of evasion {unknown}
 l - a +5 ring of evasion {unknown}
 m - an uncursed amulet of harm {unknown}
 x - an uncursed ring of wizardry {unknown}
 y - an uncursed ring of see invisible {unknown}
Scrolls
 e - 2 scrolls of teleportation
 h - a scroll of identify {unknown}
 k - a scroll of enchant armour {unknown}
 n - a scroll of magic mapping {unknown}
 p - 2 scrolls of remove curse {unknown}
 q - a scroll of fog {unknown}
 r - 2 scrolls of blinking
 t - 2 scrolls of amnesia
Potions
 d - a potion of brilliance {unknown}
 s - 3 potions of might
 z - a potion of heal wounds {unknown}
 A - a potion of lignification {unknown}
Books
 b - a book of Flames

   Spells                             Type                      Level
   a - Flame Tongue                   Conjuration/Fire             1
   b - Throw Flame                    Conjuration/Fire             2
   c - Conjure Flame                  Conjuration/Fire             3
   d - Inner Flame                    Hexes/Fire                   3
   e - Sticky Flame                   Conjuration/Fire             4
   f - Fireball                       Conjuration/Fire             5
Comestibles
 c - 4 bread rations
 o - 5 meat rations
 u - 2 royal jellies


   Skills:
 - Level 2.7 Polearms
 - Level 1.5 Dodging
 - Level 2.1 Stealth
 + Level 5.5 Spellcasting
 - Level 4.1 Conjurations
 - Level 3.0 Fire Magic


You had 11 spell levels left.
You knew the following spells:

 Your Spells              Type           Power        Failure   Level  Hunger
a - Flame Tongue          Conj/Fire      ###..        3%          1    None
b - Throw Flame           Conj/Fire      ###...       4%          2    #......
c - Conjure Flame         Conj/Fire      ###.....     9%          3    ##.....


Dungeon Overview and Level Annotations

Branches:
Dungeon (5/15)
 Temple: D:4-7

Altars:
The Shining One


Innate Abilities, Weirdness & Mutations

You are resistant to torment.
Your stone body is resilient. (AC +4)
You are immune to poison.
You resist negative energy. (rN+)
You are resistant to electric shocks. (rElec)
You can survive without breathing.
You are immune to petrification.
You are immune to rotting.


Message History

Casting: Flame Tongue
Confirm with . or Enter, or press ? or * to list all spells.
Aiming: Flame Tongue
Press: ? - help, Shift-Dir - straight line, f/p - worker ant zombie
Aim: a worker ant zombie (severely damaged)
The flame tongue hits the worker ant zombie.
You destroy the worker ant zombie!
You start resting.
Magic restored.
You start resting.
A centaur comes into view.
A centaur is nearby!
The centaur shouts!
The centaur wields a shortbow.
The centaur shoots an arrow.
The arrow hits you.
You see here an arrow.
A hound zombie comes into view.
The centaur shoots an arrow.
The arrow hits you!
You see here an arrow.
The centaur shoots an arrow.
The arrow hits you!
You die...

#..................
#...........<......
#...........c......
...................
.......<...........
#...........$......
#..................
#.#########c..#####
# #...@...(...#
#.##..#..#..#
#........#
#.....Z..#
.........##
####........
#......### #...####


You could see a centaur and a hound zombie (dormant).

Vanquished Creatures
  The ghost of xash the Digger, a novice OpEE of Cheibriados (D:5)
  A scorpion (D:4)
  2 orc wizards (D:4)
  A worker ant zombie (D:5)
  3 gnolls (D:2)
  2 adders
  2 oozes
  A worm (D:2)
  3 dart slugs
  3 orcs (D:4)
  A giant cockroach (D:5)
  7 goblins
  6 hobgoblins
  4 jackals (D:2)
  4 kobolds
  A quokka (D:2)
  2 ball pythons (D:1)
  7 bats
  8 frilled lizards
  A leopard gecko skeleton (D:4)
  A leopard gecko zombie (D:5)
  4 rats
65 creatures vanquished.

Notes
Turn   | Place    | Note
-------+----------+-------------------------------------------
     0 | D:1      | Remaster19 the Gargoyle Fire Elementalist began the quest for the Orb.
     0 | D:1      | Reached XP level 1. HP: 10/10 MP: 3/3
   252 | D:1      | Reached XP level 2. HP: 15/15 MP: 1/5
   902 | D:1      | Reached XP level 3. HP: 19/19 MP: 6/6
   974 | D:2      | Learned a level 2 spell: Throw Flame
   978 | D:2      | Learned a level 3 spell: Conjure Flame
  1461 | D:2      | Reached XP level 4. HP: 24/24 MP: 0/7
  1575 | D:2      | You fall through a shaft for 2 floors!
  2702 | D:3      | Reached skill level 3 in Spellcasting
  2775 | D:3      | Found a glowing golden altar of the Shining One.
  2995 | D:3      | Reached XP level 5. HP: 27/28 MP: 9/9
  3091 | D:4      | Noticed a phantom
  3273 | D:4      | Noticed an ice beast
  3302 | D:4      | Reached skill level 1 in Polearms
  3456 | D:5      | Entered Level 5 of the Dungeon
  3457 | D:5      | Noticed xash's ghost (novice OpEE)
  3505 | D:4      | Reached XP level 6. HP: 6/32 MP: 1/10
  3859 | D:5      | Killed xash's ghost
  3859 | D:5      | Reached skill level 5 in Spellcasting
  3859 | D:5      | Reached XP level 7. HP: 25/36 MP: 5/15
  3992 | D:5      | Shot with an arrow by a centaur

Skill      XL: |  1  2  3  4  5  6 |
---------------+-------------------+-----
Conjurations   | 2 3 4 |  4.1
Spellcasting   | 3 5 |  5.5
Polearms       | 2 |  2.7
Dodging        | |  1.5
Stealth        | |  2.1
Fire Magic     | |  3.0

Action                   |  1- 3 |  4- 6 |  7- 9 || total
-------------------------+-------+-------+-------++-------
Melee: Whip              |    18 |    18 |       ||    36
       Spear             |       |    67 |    25 ||    92
 Cast: Flame Tongue      |    54 |    61 |     6 ||   121
  Use: Scroll            |     1 |     2 |       ||     3
       Potion            |       |     1 |       ||     1
  Eat: Chunk             |     3 |     7 |     1 ||    11
Armor: Robe              |    15 |    55 |     8 ||    78
Dodge: Dodged            |    27 |    62 |    19 ||   108
